 Dungeon Crawl Stone Soup version 0.31-a0-795-g5eb97db20b (console) character file.

Game seed: 12603410855974837518

1666288 elliptic the Evocator (level 27, 224/224 HPs)
             Began as a Gnoll Warper on Sept 17, 2023.
             Was an Initiate of Gozag.
             Escaped with the Orb
             ... and 3 runes on Sept 18, 2023!
             The game lasted 04:20:58 (71794 turns).

elliptic the Evocator (Gnoll Warper)               Turns: 71794, Time: 04:20:59

Health: 224/224    AC: 35    Str: 14 (16) XL:     27
Magic:  46/46      EV: 39    Int: 13 (14) God:    Gozag
Gold:   3616       SH: 24    Dex: 33 (35) Spells: 40/65 levels left

rFire   + + .        a - +7 hand cannon {flame, backblast, rF+, norare}
rCold   + . .        T - +5 kite shield of Wacuaw {+Inv rC+ Str+4}
rNeg    . . .        Y - +6 acid dragon scales {nodragon}
rPois   +            r - +5 helmet of Nemelex Xobeh's Pride {Int+4 Stlth+}
rElec   +            t - +2 cloak {rPois}
rCorr   +            X - +2 pair of gloves {Dex+3}
SInv    .            J - +2 pair of boots {rampage}
Will    ++++.        L - necklace of Bloodlust {Fury *Rage Will++ Int-3 Slay+6}
Stlth   +++          s - +6 ring of dexterity
HPRegen 0.57/turn    U - ring of Day {rElec rF++ rCorr EV+5 Stlth-}
MPRegen 0.30/turn

%: random rage (50%), rampage
@: studying 2 skills
A: fangs 1, strong nose, distributed training, agile 1, heat vulnerability 1
0: Orb of Zot
}: 3/15 runes: serpentine, barnacled, silver
a: Renounce Religion, Evoke Invisibility, Potion Petition, Call Merchant, Bribe
Branch


You escaped.
You worshipped Gozag.
Gozag was most pleased with you.
You visited 10 branches of the dungeon, and saw 50 of its levels.
You also visited: Bailey, Ice Cave and Volcano.

You collected 37185 gold pieces.
You spent 13209 gold pieces at shops.
You paid 20360 gold pieces to Gozag.


Innate Abilities, Weirdness & Mutations

You have very sharp teeth.
Your uncanny sense of smell can sniff out nearby items.
Your experience applies equally to all skills.
You are agile. (Dex +4, Str/Int -1)
You are vulnerable to heat. (rF-)


   Skills:
 + Level 19.8 Fighting
 + Level 19.3 Short Blades
 + Level 19.8 Long Blades
 + Level 19.3 Axes
 + Level 19.3 Maces & Flails
 + Level 19.3 Polearms
 + Level 19.3 Staves
 + Level 19.3 Ranged Weapons
 + Level 23.7 Throwing
 + Level 19.5 Armour
 + Level 19.8 Dodging
 + Level 19.3 Stealth
 + Level 19.3 Shields
 + Level 19.3 Unarmed Combat
 + Level 19.9 Spellcasting
 + Level 16.5 Conjurations
 + Level 16.5 Hexes
 + Level 16.5 Summonings
 + Level 16.5 Necromancy
 + Level 17.3 Translocations
 + Level 16.5 Transmutations
 + Level 16.5 Fire Magic
 + Level 16.5 Ice Magic
 + Level 16.5 Air Magic
 + Level 16.5 Earth Magic
 + Level 16.5 Poison Magic
 + Level 20.9 Invocations
 + Level 24.0 Evocations
 + Level 17.9 Shapeshifting


You had 40 spell levels left.
You knew the following spells:

 Your Spells              Type           Power      Damage    Failure   Level
a - Manifold Assault      Tloc           55%        N/A       1%          4
b - Vhi's Electric Charg  Tloc/Air       100%       N/A       1%          4
d - Irradiate             Conj/Tmut      27%        3d20      1%          5
s - Swiftness             Air            54%        N/A       1%          3
v - Blink                 Tloc           100%       N/A       0%          2
A - Apportation           Tloc           100%       N/A       0%          1
D - Dispersal             Tloc           27%        N/A       1%          6

Your spell library contained the following spells:

 Spells                   Type           Power      Damage    Failure   Level
 Foxfire                  Conj/Fire      100%       2x1d9     0%          1
 Magic Dart               Conj           100%       1d8       0%          1
 Call Imp                 Summ           100%       N/A       0%          2
 Cigotuvi's Dreadful Rot  Necr/Pois/Air  100%       N/A       0%          2
 Ensorcelled Hibernation  Hex/Ice        100%       N/A       0%          2
 Jinxbite                 Hex            100%       N/A       0%          2
 Lesser Beckoning         Tloc           100%       N/A       0%          2
 Poisonous Vapours        Pois/Air       100%       N/A       0%          2
 Scorch                   Fire           100%       2d9       0%          2
 Searing Ray              Conj           100%       2d8       0%          2
 Sublimation of Blood     Necr           54%        N/A       0%          2
 Wereblood                Tmut           54%        N/A       0%          2
 Gell's Gravitas          Tloc           55%        N/A       1%          3
 Ignite Poison            Fire/Tmut/Pois 54%        N/A       1%          3
 Inner Flame              Hex/Fire       54%        N/A       1%          3
 Mephitic Cloud           Conj/Pois/Air  54%        N/A       1%          3
 Ozocubu's Armour         Ice            54%        N/A       1%          3
 Summon Guardian Golem    Hex/Summ       54%        N/A       1%          3
 Teleport Other           Tloc           55%        N/A       1%          3
 Tukima's Dance           Hex            54%        N/A       1%          3
 Anguish                  Hex/Necr       27%        N/A       1%          4
 Animate Armour           Summ/Erth      100%       N/A       1%          4
 Brom's Barrelling Bould  Conj/Erth      54%        2d7       1%          4
 Cause Fear               Hex            27%        N/A       1%          4
 Dispel Undead            Necr           54%        3d20      1%          4
 Flame Wave               Conj/Fire      54%        2d13      1%          4
 Fulminant Prism          Conj/Hex       27%        3d14      1%          4
 Passage of Golubria      Tloc           55%        N/A       1%          4
 Petrify                  Tmut/Erth      54%        N/A       1%          4
 Sticky Flame             Conj/Fire      54%        2d7       1%          4
 Summon Lightning Spire   Summ/Air       54%        N/A       1%          4
 Alistair's Intoxication  Tmut/Pois      36%        N/A       1%          5
 Arcjolt                  Conj/Air       27%        1d37      1%          5
 Borgnjor's Vile Clutch   Necr/Erth      27%        N/A       1%          5
 Fireball                 Conj/Fire      27%        3d12      1%          5
 Freezing Cloud           Conj/Ice/Air   27%        6-21      1%          5
 Iskenderun's Battlesphe  Conj           54%        2d10      1%          5
 Lee's Rapid Deconstruct  Erth           27%        3d14*     1%          5
 Metabolic Englaciation   Hex/Ice        27%        N/A       1%          5
 Silence                  Hex/Air        27%        N/A       1%          5
 Yara's Violent Unravell  Hex/Tmut       27%        3d12      1%          5
 Conjure Ball Lightning   Conj/Air       27%        3x3d8     1%          6
 Death Channel            Necr           27%        N/A       1%          6
 Eringya's Noxious Bog    Tmut/Pois      27%        4d6       1%          6
 Leda's Unmaking          Conj/Erth      27%        9d5       1%          6
 Plasma Beam              Fire/Air       27%        2x1d39    1%          6
 Starburst                Conj/Fire      27%        6d9       1%          6
 Summon Cactus Giant      Summ           27%        N/A       1%          6
 Malign Gateway           Summ/Tloc      27%        N/A       6%          7
 Enfeeble                 Hex            27%        N/A       7%          7
 Haunt                    Necr/Summ      27%        N/A       7%          7
 Orb of Destruction       Conj           27%        9d9       7%          7
 Ozocubu's Refrigeration  Ice            27%        4d13      7%          7
 Spellforged Servitor     Conj/Summ      27%        N/A       7%          7
 Summon Hydra             Summ           27%        N/A       7%          7
 Disjunction              Tloc           27%        N/A       36%         8
 Borgnjor's Revivificati  Necr           27%        N/A       47%         8
 Ignition                 Fire           27%        3d9       47%         8
 Chain Lightning          Conj/Air       27%        3d36      100%        9
 Death's Door             Necr           27%        N/A       100%        9
 Dragon's Call            Summ           27%        N/A       100%        9
 Fire Storm               Conj/Fire      27%        8d7       100%        9
 Polar Vortex             Ice            27%        12d3*     100%        9
 Shatter                  Erth           27%        3d23*     100%        9
 Simulacrum               Ice/Necr       Unusable   N/A       N/A         6

Inventory:

Hand Weapons
 a - the +7 hand cannon "Mule" (weapon) {flame, backblast, rF+, norare}
   (You bought it in a shop on level 11 of the Dungeon)

   rF+:       It protects you from fire.
 b - a +3 heavy hand cannon
Missiles
 h - 9 javelins
 j - 12 throwing nets
 v - 10 curare-tipped darts
Armour
 l - a scarf of resistance
 r - the +5 helmet of Nemelex Xobeh's Pride (worn) {Int+4 Stlth+}
   (You bought it in a shop on level 9 of the Dungeon)

   Int+4:     It affects your intelligence (+4).
   Stlth+:    It makes you more stealthy.
 t - a +2 cloak of poison resistance (worn)
 w - a +2 tower shield of cold resistance
 J - a +2 pair of boots of rampaging (worn)
 T - the +5 kite shield of Wacuaw (worn) {+Inv rC+ Str+4}
   (You bought it in a shop on level 9 of the Dungeon)

   Str+4:     It affects your strength (+4).
   rC+:       It protects you from cold.
   +Inv:      It lets you turn invisible.
 W - the +0 cloak of a Labyrinth {Contam rPois rF+}
   (You found it on level 2 of the Crypt)

   rF+:       It protects you from fire.
   rPois:     It protects you from poison Contam: It causes magical
   contamination when unequipped.
 X - a +2 pair of gloves of dexterity (worn)
 Y - +6 acid dragon scales (worn) {nodragon}
Jewellery
 f - a ring of see invisible
 s - a +6 ring of dexterity (left hand)
 G - the ring of Suliaq {Ice Dex+3}
   (You found it on level 2 of the Snake Pit)

   [ring of ice]

   Ice:       It enhances your ice magic.
   Dex+3:     It affects your dexterity (+3).
   rF-:       It makes you vulnerable to fire.
   rC+:       It protects you from cold.
 K - the ring of Zysur {rF+ Int+3 Slay+3}
   (You found it on level 2 of the Elven Halls)

   [ring of protection from fire]

   Int+3:     It affects your intelligence (+3).
   Slay+3:    It affects your accuracy & damage with ranged weapons and melee
   (+3).
   rF+:       It protects you from fire.
 L - the necklace of Bloodlust (around neck) {Fury *Rage Will++ Int-3 Slay+6}
   (You found it on level 8 of the Dungeon)

   [amulet of nothing]

   Fury:      It extends the wearer's berserk rage when killing foes.
   Int-3:     It affects your intelligence (-3).
   Slay+6:    It affects your accuracy & damage with ranged weapons and melee
   (+6).
   Will++:    It greatly increases your willpower.
   *Rage:     It berserks you when you make melee attacks (+50% chance).
 N - the ring "Xinke" {rF+ rC+ rN+ Str-5}
   (You found it on level 3 of the Crypt)

   [ring of positive energy]

   Str-5:     It affects your strength (-5).
   rF+:       It protects you from fire.
   rC+:       It protects you from cold.
   rN+:       It protects you from negative energy.
 O - a ring of poison resistance
 U - the ring of Day (right hand) {rElec rF++ rCorr EV+5 Stlth-}
   (You bought it in a shop on level 2 of the Elven Halls)

   [ring of evasion]

   EV+5:      It affects your evasion (+5).
   rF++:      It greatly protects you from fire.
   rElec:     It insulates you from electricity.
   rCorr:     It protects you from acid and corrosion.
   Stlth-:    It makes you less stealthy.
 Z - the ring "Niusk" {rN+ Will+ Str+3 Dex+4}
   (You found it on level 3 of the Crypt)

   [ring of positive energy]

   Str+3:     It affects your strength (+3).
   Dex+4:     It affects your dexterity (+4).
   rN+:       It protects you from negative energy.
   Will+:     It increases your willpower.
Wands
 q - a wand of acid (14)
 P - a wand of paralysis (37)
 Q - a wand of iceblast (26)
Scrolls
 c - a scroll of blinking
 i - 5 scrolls of silence {!r}
 k - 9 scrolls of fear
 n - 3 scrolls of enchant armour
 o - 4 scrolls of fog
 x - 10 scrolls of vulnerability
 M - 16 scrolls of teleportation
 S - 3 scrolls of summoning
Potions
 e - 11 potions of magic
 g - 10 potions of haste
 m - 19 potions of might
 p - 6 potions of attraction
 u - 10 potions of ambrosia
 z - 18 potions of curing
 A - 2 potions of resistance
 B - 4 potions of invisibility
 D - 12 potions of heal wounds
 E - 6 potions of berserk rage {!q}
 F - a potion of enlightenment
 H - 6 potions of brilliance
 I - 5 potions of cancellation
 R - 15 potions of mutation {!q}
Miscellaneous
 V - a lightning rod (4/4)


Message History

The bolt burns the blizzard demon!!
You kill the blizzard demon!
Larapat comes into view. It is armed with a freezing touch.
You shoot a bolt. The bolt hits Larapat!!
The bolt burns Larapat!
Larapat is lightly wounded.
Larapat gestures.
Larapat's surroundings become eerily quiet.
You shoot a bolt. The bolt hits Larapat!!!
The bolt burns Larapat!!
Larapat is severely wounded.
Unknown command.
Press: ? - help, v - describe, . - travel, g - get item
Here: Larapat, armed with a freezing touch (silenced, severely wounded, radiating silence, unaffected by silence) Item here: 15 gold pieces.
The floor.
Enter note: uhhh Larapat gestures.
Larapat's surroundings become eerily quiet.
Larapat is distracted by your dazzling golden aura.
Your extra speed is starting to run out.
Okay, then.
You feel yourself slow down.
You feel yourself speed up.
There is an escape hatch in the ceiling here.
A mysterious force pulls you upwards. The hatch slams shut behind you.
There is a stone staircase leading up here.
You climb upwards.
There is a stone staircase leading down here.
Your extra speed is starting to run out.
HP restored.
There is a huge open gate here.
A Vippuf and an ufetubus come into view.
Blink to where?
Press: ? - help, Dir - move target
As you read the scroll of blinking, it crumbles to dust.
Vippuf moves out of view.
The ufetubus moves out of view.
Blink to where?
Press: ? - help, Dir - move target
As you read the scroll of blinking, it crumbles to dust.
You feel yourself slow down.
You have escaped!

......# #.# #####.# #.#
#.############## #.#
#..............# ##### #.#
#.#######.#.##.######...###.#
#...........................#
#......................####.#
#...#################..# #>#
#...#~~~~~~~@~~~~~~~#..# ##.#
#...#~~~~~~~.~~~~~~~#..# #...
#...#~~~~.......~~~~#..# #..#
#...#~~...........~~#..# #..#
#...#~.............~#..# #..#
#...#~.........[...~#..# #..#
#...###..8.###.8..###..###..# #
#...#g#...........#K#..##...#
#####...#######'''#######..#....#


You could see a goblin and a kobold (wandering).

Vanquished Creatures
  3 dread liches
  3 ancient liches (Vaults:5)
  An orb of fire (Zot:1)
  A juggernaut (Depths:4)
  A royal mummy (Crypt:2)
  Boris (Vaults:5)
  Frederick (Vaults:5)
  2 Killer Klowns
  Vv (Depths:4)
  Bai Suzhen (Vaults:3)
  Margery (Vaults:5)
  A caustic shrike (Depths:3)
  Vashnia (Snake:4)
  Saint Roka (Vaults:2)
  Nikola (Shoals:2)
  Norris (Depths:3)
  10 golden dragons
  2 doom hounds (Crypt:1)
  An electric golem (Zot:1)
  The ghost of Weuw the Warrior, an adept GrFi of Cheibriados (Crypt:2)
  Jorgrun (Elf:2)
  8 tentacled monstrosities
  A walking crystal tome (Depths:3)
  Zenata (Crypt:2)
  2 shard shrike zombies (Crypt:3)
  4 deep elf blademasters (Elf:3)
  2 Orb Guardians
  Grunn (Crypt:1)
  Mlioglotl (Shoals:1)
  5 liches
  4 titans (Vaults:5)
  6 sphinxes
  5 krakens (Shoals:2)
  7 quicksilver dragons
  8 acid blobs (Zot:2)
  Polyphemus (Shoals:3)
  4 ancient champions
  A walking frostbound tome (Depths:3)
  Frances (Snake:1)
  A deep elf master archer (Elf:3)
  An Executioner (D:13)
  Kirke (Lair:5)
  12 shadow dragons
  6 storm dragons
  A shadow dragon (shapeshifter) (Elf:2)
  7 tengu reavers
  A nagaraja (Snake:1)
  2 draconian monks (Zot:1)
  10 fire giants
  A fenstrider witch (shapeshifter) (Elf:2)
  2 revenants
  Aizul (Snake:3)
  Ilsuiw (Shoals:3)
  10 deep elf sorcerers
  3 draconian scorchers
  7 frost giants
  2 iron dragons
  A draconian knight (Zot:1)
  Louise (D:15)
  A frost giant (shapeshifter) (Depths:2)
  A ghost moth (Zot:3)
  21 vault wardens
  2 draconian shifters
  5 deep elf elementalists (Elf:3)
  An orc warlord (Orc:1)
  5 curse skulls
  An emperor scorpion (shapeshifter) (Depths:2)
  The ghost of Man1s the Severer, a journeyman HOFi of Beogh (Lair:3)
  3 reapers
  4 angels
  4 draconian annihilators
  8 ghouls
  7 war gargoyles
  A juggernaut skeleton (Depths:3)
  19 very ugly things
  A spriggan defender (Depths:3)
  A quicksilver ooze (shapeshifter) (Depths:2)
  3 draconian stormcallers (Zot:2)
  20 stone giants
  3 formless jellyfish
  11 vampire knights
  7 ironbound thunderhulks
  2 black draconians
  22 ironbound preservers
  4 green draconians
  7 deep elf demonologists
  2 eleionomae (Shoals:1)
  Azrael (Elf:2)
  7 dire elephants
  7 purple draconians
  Nessos (D:15)
  5 red draconians
  5 white draconians
  13 deep elf annihilators
  13 yellow draconians
  A spark wasp (shapeshifter) (Depths:2)
  Snorg (Lair:4)
  2 spark wasps (Depths:4)
  A mummy priest (Crypt:3)
  7 ettins
  An ettin (shapeshifter) (Depths:2)
  4 blizzard demons
  11 eidola
  4 merfolk javelineers
  13 deep elf death magi
  A quicksilver dragon zombie (Crypt:3)
  4 entropy weavers
  2 spriggan zombies (Crypt:3)
  5 salamander tyrants
  8 merfolk impalers
  6 jiangshi
  A great orb of eyes (shapeshifter) (Elf:2)
  9 fire dragons
  Harold (Orc:1)
  6 great orbs of eyes
  19 ice dragons
  A caustic shrike simulacrum (Depths:3)
  3 peacekeepers
  9 deep elf high priests
  31 vault guards
  11 yaktaur captains
  A rakshasa (D:15)
  The ghost of Juuloule the Nimble, a journeyman SpHu of Ashenzari (Lair:1)
  A hydra (shapeshifter) (Depths:2)
  A hell beast (Depths:1)
  6 hydras
  An ogre mage (Vaults:5)
  A catoblepas (shapeshifter) (Depths:2)
  A radroach (shapeshifter) (Depths:2)
  2 two-headed ogres
  19 ironbound frosthearts
  The ghost of petzl the Thaumaturge, a journeyman FoDe of Vehumet (D:13)
  4 anacondas (Snake:1)
  5 boulder beetles
  3 merfolk avatars
  The ghost of Viaheush the Carver, a journeyman GnWn of Hepliaklqana (Elf:2)
  18 centaur warriors
  2 death knights
  4 spriggan air magi
  A boulder beetle (shapeshifter) (Elf:2)
  3 catoblepae
  10 merfolk aquamancers
  7 deep troll shamans
  9 satyrs
  22 naga warriors
  5 tengu warriors
  14 death yaks
  40 dancing weapons
  6 deep troll earth magi
  8 vampire magi
  3 orc high priests
  10 shock serpents
  4 spriggan berserkers
  17 naga sharpshooters
  The ghost of Hubris850 the Mimic, a novice MfSh of Nemelex Xobeh (D:9)
  A shock serpent (shapeshifter) (Zot:3)
  18 deep elf knights
  A sun demon (Depths:3)
  12 hell knights
  4 iron trolls
  A fire crab (shapeshifter) (Vaults:5)
  A titan skeleton (Crypt:2)
  7 skysharks
  9 soul eaters
  10 salamander mystics
  A shadow wraith (Crypt:2)
  8 sea snakes
  30 skeletal warriors
  A fire crab (Lair:4)
  4 anaconda zombies
  2 bunyip zombies (Crypt:3)
  67 deep trolls
  7 spectral anacondas (Snake:2)
  A swamp dragon (shapeshifter) (Depths:2)
  2 deep trolls (shapeshifter)
  An orb spider (shapeshifter) (Vaults:4)
  9 naga ritualists
  A spectral hydra (Lair:1)
  4 bog bodies
  7 glowing orange brains (Depths:2)
  2 orc knights
  13 deep elf archers
  4 obsidian statues (Depths:2)
  An orange crystal statue (IceCv)
  Pikel (D:8)
  7 flayed ghosts
  23 phantasmal warriors
  16 lindwurms
  22 necromancers
  29 ironbound convokers
  46 harpies
  12 wizards
  A wolf spider zombie (Crypt:2)
  4 orc sorcerers
  A wolf spider (Crypt:3)
  26 deep elf pyromancers
  24 deep elf zephyrmancers
  A cyclops (shapeshifter) (Elf:2)
  8 anaconda skeletons
  8 mana vipers
  A faun (shapeshifter) (Elf:2)
  31 fauns
  A mana viper (shapeshifter) (Depths:2)
  4 oklob plants (Zot:2)
  5 cyclopes
  2 manticores (shapeshifter) (Depths:2)
  52 ugly things
  A human skeleton (Crypt:1)
  14 merfolk sirens
  3 alligator skeletons (Volcano)
  19 manticores
  10 moths of wrath
  34 salamanders
  10 elephants
  17 naga magi
  8 guardian serpents
  2 frost giant skeletons
  36 black mambas
  A water nymph (shapeshifter) (Elf:2)
  8 water nymphs
  24 vault sentinels
  A rust devil (Depths:1)
  6 gargoyles
  An orange demon (Depths:1)
  12 cane toads
  6 molten gargoyles
  2 dire elephant zombies (Crypt:3)
  A centaur skeleton (Crypt:3)
  A torpor snail (Lair:3)
  2 dire elephant skeletons
  12 freezing wraiths
  An unseen horror (D:12)
  13 rime drakes
  A smoke demon (Depths:3)
  4 kobold demonologists
  2 anaconda simulacra (Snake:2)
  30 yaktaurs
  A komodo dragon (shapeshifter) (Elf:2)
  A tormentor (D:6)
  A guardian mummy (Crypt:3)
  13 komodo dragons
  2 tengu conjurers
  A red devil (Depths:1)
  2 harpy zombies
  A redback zombie (Crypt:2)
  A queen bee (Lair:3)
  6 trolls
  14 hellwings
  9 hornets
  10 wind drakes
  29 blink frogs
  4 harpy skeletons
  A raiju (shapeshifter) (D:14)
  13 polar bears
  42 merfolk
  A tarantella (Vaults:2)
  3 dream sheep (Shoals:3)
  2 dream sheep (shapeshifter)
  2 ettin zombies
  An iron dragon simulacrum (Depths:3)
  A great orb of eyes zombie (Crypt:2)
  A satyr skeleton (Crypt:1)
  A jumping spider (shapeshifter) (Depths:2)
  2 spectral black mambas (Lair:1)
  25 slime creatures
  33 water elementals
  8 air elementals
  2 jumping spiders (Crypt:3)
  11 snapping turtles
  7 spriggans (Depths:3)
  2 ettin skeletons (Crypt:3)
  2 shadows
  2 flying skulls (Volcano)
  36 yaks
  6 wraiths
  17 humans (D:14)
  6 wyverns
  2 black mamba skeletons (Crypt:3)
  An ushabti (Crypt:3)
  A wyvern (shapeshifter) (D:14)
  The ghost of quakins the Ruffian, an amateur TrSh (D:3)
  A ynoxinul (D:9)
  8 fire elementals
  3 hogs (Lair:5)
  8 basilisks
  A vampire (D:13)
  3 golden eyes
  2 redbacks (shapeshifter)
  3 chaos spawn
  3 fire bats (Lair:2)
  4 vampire mosquitoes
  6 redbacks (Crypt:3)
  2 steam dragons
  5 wargs
  53 nagas
  An acid dragon (D:10)
  3 floating eyes (shapeshifter)
  23 water moccasins
  4 hell hounds
  38 orc warriors
  A black bear (shapeshifter) (D:14)
  A dream sheep zombie (Crypt:1)
  An elephant zombie (Crypt:1)
  3 ice beasts
  2 sky beasts (D:8)
  A snapping turtle zombie (Crypt:1)
  A lindwurm zombie (Crypt:2)
  A black bear (D:5)
  9 ogres
  12 centaurs
  6 wolves (Lair:1)
  5 boggarts (D:15)
  A phantom (D:5)
  3 lemures (D:8)
  10 bullfrogs
  5 kobold brigands
  A small abomination (D:3)
  7 scorpions
  A necrophage (Crypt:1)
  4 gnoll sergeants
  A cane toad simulacrum (Lair:1)
  15 earth elementals
  A hornet simulacrum (D:8)
  3 wights (D:7)
  4 wyvern skeletons (Crypt:3)
  19 killer bees
  6 spriggan skeletons
  A troll skeleton (Volcano)
  8 electric eels
  5 lava snakes (Lair:5)
  A bullfrog zombie (Crypt:2)
  4 hounds
  15 orc priests
  A gnoll bouda (D:7)
  23 jellies
  2 iguanas
  4 sleepcaps
  A boggart zombie (Crypt:2)
  20 orc wizards
  A deep dwarf zombie (Crypt:1)
  A centaur simulacrum (D:8)
  2 naga skeletons
  A hound zombie (Crypt:1)
  2 mummies
  26 gnolls
  A howler monkey skeleton (Crypt:1)
  6 adders
  6 white imps
  A howler monkey simulacrum (D:8)
  A worm (D:2)
  3 dart slugs
  80 orcs
  4 bats
  3 endoplasms
  3 giant cockroaches
  7 goblins
  8 hobgoblins
  4 quokkas
  7 ball pythons
  2 goblin zombies
  2 hobgoblin zombies
  39 kobolds
  3 rats
  A river rat skeleton (Crypt:2)
  9 ball lightnings (Depths:2)
  12 tentacles (Shoals:2)
2560 creatures vanquished.

Vanquished Creatures (collateral kills)
  A golden dragon (Zot:1)
  A draconian knight (Zot:1)
  A draconian shifter (Zot:1)
  A draconian annihilator (Zot:1)
  A black draconian (Zot:1)
  A red draconian (Zot:1)
  A white draconian (Zot:5)
  A ynoxinul (Zot:5)
8 creatures vanquished.

Vanquished Creatures (others)
  A dread lich (Zot:5)
  An ancient lich (Zot:5)
  A Killer Klown (Zot:5)
  A golden dragon (Zot:1)
  4 tentacled monstrosities
  7 Orb Guardians (Zot:5)
  4 quicksilver dragons (Zot:1)
  4 death cobs (Zot:1)
  A storm dragon (Zot:1)
  2 draconian knights (Zot:1)
  A frost giant (Depths:3)
  A draconian scorcher (Zot:1)
  A draconian stormcaller (Zot:1)
  A draconian annihilator (Zot:1)
  3 green draconians (Zot:1)
  2 yellow draconians (Zot:1)
  5 red draconians (Zot:1)
  5 black draconians (Zot:1)
  2 purple draconians (Zot:1)
  4 white draconians (Zot:1)
  A skeletal warrior (Volcano)
  An obsidian statue (Zot:1)
  An ugly thing (Depths:2)
  3 moths of wrath
  A molten gargoyle (Depths:2)
  2 humans (Lair:5)
  A boggart (D:15)
  4 ball lightnings (Depths:2)
  A butterfly (Zot:3)
  23 tentacles (Shoals:2)
89 creatures vanquished.

Grand Total: 2657 creatures vanquished

Notes
Turn   | Place    | Note
-------+----------+-------------------------------------------
     0 | D:1      | elliptic the Gnoll Warper began the quest for the Orb.
     0 | D:1      | Reached XP level 1. HP: 20/20 MP: 6/6
   163 | D:1      | Reached XP level 2. HP: 26/26 MP: 7/7
   167 | D:1      | Learned a level 2 spell: Blink
   924 | D:2      | Found an opulent altar of Gozag.
   930 | D:2      | Became a worshipper of Gozag Ym Sagoz the Greedy
  1077 | D:2      | Reached XP level 3. HP: 26/31 MP: 7/9
  1171 | D:2      | Reached skill level 1 in Invocations
  1202 | D:2      | Found a faded altar of an unknown god.
  1256 | D:2      | Reached skill level 1 in Short Blades
  1256 | D:2      | Reached skill level 1 in Axes
  1256 | D:2      | Reached skill level 1 in Maces & Flails
  1256 | D:2      | Reached skill level 1 in Polearms
  1256 | D:2      | Reached skill level 1 in Staves
  1256 | D:2      | Reached skill level 1 in Ranged Weapons
  1256 | D:2      | Reached skill level 1 in Stealth
  1256 | D:2      | Reached skill level 1 in Shields
  1256 | D:2      | Reached skill level 1 in Unarmed Combat
  1256 | D:2      | Reached skill level 1 in Evocations
  1758 | D:3      | Reached XP level 4. HP: 37/38 MP: 11/11
  1794 | D:3      | Reached skill level 1 in Shapeshifting
  1946 | D:3      | Found a shimmering blue altar of Sif Muna.
  1951 | D:3      | Identified the +5 mace of Vuovam {heavy, rPois rC+}
  1958 | D:3      | Reached skill level 1 in Conjurations
  1958 | D:3      | Reached skill level 1 in Hexes
  1958 | D:3      | Reached skill level 1 in Summonings
  1958 | D:3      | Reached skill level 1 in Necromancy
  1958 | D:3      | Reached skill level 1 in Transmutations
  1958 | D:3      | Reached skill level 1 in Fire Magic
  1958 | D:3      | Reached skill level 1 in Ice Magic
  1958 | D:3      | Reached skill level 1 in Air Magic
  1958 | D:3      | Reached skill level 1 in Earth Magic
  1958 | D:3      | Reached skill level 1 in Poison Magic
  2351 | D:3      | Found a runed translucent door.
  2351 | D:3      | Noticed quakins's ghost (amateur TrSh)
  2634 | D:4      | Noticed a scorpion
  2638 | D:4      | Killed a scorpion
  2639 | D:4      | Reached skill level 3 in Throwing
  2639 | D:4      | Reached skill level 3 in Armour
  2639 | D:4      | Reached XP level 5. HP: 43/43 MP: 12/12
  2668 | D:6      | :(
  2768 | D:6      | Noticed a steam dragon
  2820 | D:6      | Noticed an ice beast
  2821 | D:6      | hm
  2876 | D:6      | Noticed a water moccasin
  2887 | D:6      | Reached XP level 6. HP: 50/50 MP: 13/13
  2911 | D:6      | Found a staircase to the Ecumenical Temple.
  2931 | D:6      | sigh
  2992 | D:6      | Noticed an orc warrior
  3015 | D:6      | Learned a level 3 spell: Teleport Other
  3037 | D:6      | sigh
  3074 | D:5      | Entered Level 5 of the Dungeon
  3074 | D:5      | Found Niq Jajo's Distillery.
  3081 | D:5      | Reached skill level 2 in Evocations
  3356 | D:4      | Reached XP level 7. HP: 52/56 MP: 15/15
  3963 | D:5      | Reached skill level 3 in Invocations
  3990 | D:5      | Reached skill level 6 in Translocations
  4229 | D:5      | Bought a potion of curing for 33 gold pieces
  4229 | D:5      | Bought a potion of heal wounds for 55 gold pieces
  4229 | D:5      | Bought a potion of heal wounds for 55 gold pieces
  4229 | D:5      | Bought a potion of berserk rage for 55 gold pieces
  4229 | D:5      | Bought a potion of enlightenment for 55 gold pieces
  4229 | D:5      | Bought a potion of haste for 110 gold pieces
  4229 | D:5      | Bought a potion of haste for 110 gold pieces
  4307 | D:5      | Reached skill level 3 in Short Blades
  4307 | D:5      | Reached skill level 3 in Axes
  4307 | D:5      | Reached skill level 3 in Maces & Flails
  4307 | D:5      | Reached skill level 3 in Polearms
  4307 | D:5      | Reached skill level 3 in Staves
  4307 | D:5      | Reached skill level 3 in Ranged Weapons
  4307 | D:5      | Reached skill level 3 in Stealth
  4307 | D:5      | Reached skill level 3 in Shields
  4307 | D:5      | Reached skill level 3 in Unarmed Combat
  4307 | D:5      | Reached skill level 3 in Evocations
  4307 | D:5      | Reached XP level 8. HP: 55/63 MP: 16/16
  4489 | D:5      | Reached skill level 6 in Spellcasting
  4666 | D:5      | Reached skill level 3 in Shapeshifting
  5067 | D:6      | Found an ancient bone altar of Kikubaaqudgha.
  5195 | D:5      | Reached skill level 3 in Conjurations
  5195 | D:5      | Reached skill level 3 in Hexes
  5195 | D:5      | Reached skill level 3 in Summonings
  5195 | D:5      | Reached skill level 3 in Necromancy
  5195 | D:5      | Reached skill level 3 in Transmutations
  5195 | D:5      | Reached skill level 3 in Fire Magic
  5195 | D:5      | Reached skill level 3 in Ice Magic
  5195 | D:5      | Reached skill level 3 in Air Magic
  5195 | D:5      | Reached skill level 3 in Earth Magic
  5195 | D:5      | Reached skill level 3 in Poison Magic
  5281 | D:6      | Reached skill level 6 in Fighting
  5281 | D:6      | Reached skill level 6 in Long Blades
  5281 | D:6      | Reached skill level 6 in Dodging
  5388 | D:7      | Reached XP level 9. HP: 61/69 MP: 18/18
  5397 | D:7      | Found Deq Vepte's Gadget Gallery.
  5405 | D:7      | Bought a wand of iceblast (2) for 57 gold pieces
  5408 | D:7      | Found an opulent altar of Gozag.
  5540 | D:7      | Found Gozag's Platinum Reserve.
  5707 | D:7      | Reached skill level 4 in Evocations
  6022 | D:7      | Learned a level 4 spell: Manifold Assault
  6507 | D:8      | why
  6775 | D:8      | Noticed a deep troll
  6776 | D:8      | uh
  6842 | D:8      | oh right
  6843 | D:8      | oh
  6847 | D:8      | Killed a deep troll
  7038 | D:8      | Noticed a deep troll
  7048 | D:8      | why
  7112 | D:8      | Killed a deep troll
  7113 | D:8      | Reached skill level 5 in Evocations
  7113 | D:8      | Reached XP level 10. HP: 77/77 MP: 2/20
  7277 | D:8      | Found the necklace of Bloodlust {Fury *Rage Will++ Int-3
                  | Slay+6}
  7603 | D:8      | hm
  7756 | D:8      | Reached skill level 6 in Throwing
  7756 | D:8      | Reached skill level 6 in Armour
  8318 | D:8      | Reached skill level 6 in Invocations
  8848 | D:8      | Found a staircase to the Lair.
  9364 | D:8      | Noticed Pikel
  9375 | D:8      | Killed Pikel
  9570 | D:9      | Found a flagged portal.
  9628 | Bailey   | Entered a bailey
  9656 | Bailey   | hm
  9691 | Bailey   | Learned a level 2 spell: Lesser Beckoning
  9992 | Bailey   | Reached XP level 11. HP: 84/84 MP: 22/22
 10161 | Bailey   | oh
 10193 | Bailey   | Reached skill level 6 in Short Blades
 10193 | Bailey   | Reached skill level 6 in Axes
 10193 | Bailey   | Reached skill level 6 in Maces & Flails
 10193 | Bailey   | Reached skill level 6 in Polearms
 10193 | Bailey   | Reached skill level 6 in Staves
 10193 | Bailey   | Reached skill level 6 in Ranged Weapons
 10193 | Bailey   | Reached skill level 6 in Stealth
 10193 | Bailey   | Reached skill level 6 in Shields
 10193 | Bailey   | Reached skill level 6 in Unarmed Combat
 10193 | Bailey   | Reached skill level 6 in Evocations
 10290 | Bailey   | Identified the staff "Juqal" {Fly rF+ rN++ Str+4 Dex+3
                  | Fire}
 10311 | Bailey   | Noticed an orc knight
 10312 | Bailey   | oh
 10571 | Bailey   | Killed an orc knight
 10665 | Bailey   | Acquired 996 gold pieces
 10682 | D:9      | Bought the +5 helmet of Nemelex Xobeh's Pride {Int+4
                  | Stlth+} for 715 gold pieces
 10776 | D:9      | Noticed Hubris850's ghost (novice MfSh)
 10977 | D:9      | Reached skill level 7 in Evocations
 10977 | D:9      | Reached skill level 6 in Shapeshifting
 10977 | D:9      | Reached XP level 12. HP: 94/94 MP: 24/24
 11277 | D:9      | sigh
 11665 | D:9      | Found a runed translucent door.
 11927 | D:10     | Entered Level 10 of the Dungeon
 12184 | D:10     | Reached skill level 6 in Conjurations
 12184 | D:10     | Reached skill level 6 in Hexes
 12184 | D:10     | Reached skill level 6 in Summonings
 12184 | D:10     | Reached skill level 6 in Necromancy
 12184 | D:10     | Reached skill level 6 in Transmutations
 12184 | D:10     | Reached skill level 6 in Fire Magic
 12184 | D:10     | Reached skill level 6 in Ice Magic
 12184 | D:10     | Reached skill level 6 in Air Magic
 12184 | D:10     | Reached skill level 6 in Earth Magic
 12184 | D:10     | Reached skill level 6 in Poison Magic
 12286 | D:10     | Found a staircase to the Orcish Mines.
 12937 | D:11     | Reached skill level 9 in Spellcasting
 13016 | D:11     | Noticed a centaur warrior
 13018 | D:11     | Killed a centaur warrior
 13232 | D:11     | Reached skill level 9 in Fighting
 13232 | D:11     | Reached skill level 9 in Long Blades
 13232 | D:11     | Reached skill level 9 in Dodging
 13497 | D:12     | Noticed a two-headed ogre
 13508 | D:12     | Killed a two-headed ogre
 13692 | D:12     | hm
 13970 | D:3      | Killed quakins's ghost
 13971 | D:3      | Reached XP level 13. HP: 101/101 MP: 26/26
 14155 | Lair:1   | Entered Level 1 of the Lair of Beasts
 14199 | Lair:1   | Reached skill level 8 in Evocations
 14224 | Lair:1   | Found a runed translucent gate.
 14225 | Lair:1   | Found a runed translucent gate.
 14226 | Lair:1   | Found a runed translucent gate.
 14252 | Lair:1   | Noticed Juuloule's ghost (journeyman SpHu)
 15367 | Lair:2   | Reached skill level 9 in Invocations
 15369 | Lair:2   | Found a dark tunnel.
 15397 | Volcano  | Entered a volcano
 15759 | Volcano  | Reached skill level 9 in Translocations
 15819 | Volcano  | Learned a level 4 spell: Vhi's Electric Charge
 15847 | Volcano  | hm
 15847 | Volcano  | hmmmmm
 15861 | Volcano  | hm
 16326 | D:11     | Bought the +7 hand cannon "Mule" {flame, backblast, rF+}
                  | for 1659 gold pieces
 16326 | D:11     | Found the +7 hand cannon "Mule" {flame, backblast, rF+}
 16474 | Lair:2   | Reached skill level 9 in Throwing
 16474 | Lair:2   | Reached skill level 9 in Armour
 16775 | Lair:2   | Found a staircase to the Shoals.
 17412 | Lair:3   | Found a staircase to the Snake Pit.
 17558 | Lair:3   | Noticed Man1s's ghost (journeyman HOFi)
 17559 | Lair:3   | Found a transporter.
 17563 | Lair:3   | Found a transporter.
 17709 | Lair:3   | Reached XP level 14. HP: 110/110 MP: 28/28
 18203 | Lair:3   | Reached skill level 9 in Short Blades
 18203 | Lair:3   | Reached skill level 9 in Axes
 18203 | Lair:3   | Reached skill level 9 in Maces & Flails
 18203 | Lair:3   | Reached skill level 9 in Polearms
 18203 | Lair:3   | Reached skill level 9 in Staves
 18203 | Lair:3   | Reached skill level 9 in Ranged Weapons
 18203 | Lair:3   | Reached skill level 9 in Stealth
 18203 | Lair:3   | Reached skill level 9 in Shields
 18203 | Lair:3   | Reached skill level 9 in Unarmed Combat
 18203 | Lair:3   | Reached skill level 9 in Evocations
 18272 | Lair:3   | Found a runed translucent door.
 18537 | Lair:3   | Got a loosely-bound book
 18683 | D:9      | Bought the +5 kite shield of Wacuaw {+Inv rC+ Str+4} for
                  | 883 gold pieces
 18884 | Lair:4   | why
 18967 | Lair:4   | Noticed Snorg
 18973 | Lair:4   | Killed Snorg
 19471 | Lair:4   | Found a viscous altar of Jiyva.
 19471 | Lair:4   | Found a staircase to the Slime Pits.
 19983 | Lair:5   | Entered Level 5 of the Lair of Beasts
 20371 | Lair:5   | Noticed Kirke
 20372 | Lair:5   | hm
 20399 | Lair:5   | Killed Kirke
 20413 | Lair:5   | Reached skill level 9 in Shapeshifting
 20419 | Lair:5   | Reached XP level 15. HP: 104/117 MP: 30/30
 20712 | Lair:5   | Reached skill level 10 in Evocations
 21351 | Lair:5   | Found a large runed translucent door.
 21351 | Lair:5   | Found a large runed translucent door.
 21810 | Lair:1   | Killed Juuloule's ghost
 21985 | D:9      | Killed Hubris850's ghost
 22208 | D:12     | Found Kirivedu's Weapon Shop.
 22899 | Orc:1    | Entered Level 1 of the Orcish Mines
 22899 | Orc:1    | Found a radiant altar of Vehumet.
 23017 | Orc:1    | Found Ilet Wozaow's Distillery.
 23023 | Orc:1    | Bought a potion of heal wounds for 80 gold pieces
 23027 | Orc:1    | Noticed Harold
 23047 | Orc:1    | Killed Harold
 23568 | Orc:2    | Entered Level 2 of the Orcish Mines
 23574 | Orc:2    | Found a staircase to the Elven Halls.
 23589 | Orc:2    | Noticed an orc warlord
 23603 | Orc:1    | Killed an orc warlord
 23628 | Orc:2    | Found Tahurierph's Book Emporium.
 23680 | Orc:2    | Found Goiwe's Antique Armour Boutique.
 23753 | Orc:2    | Found Oberph's General Store.
 23860 | Orc:2    | Found an iron altar of Okawaru.
 23913 | Orc:2    | Found Jitz's Antique Weapon Emporium.
 24243 | Orc:2    | Bought the +3 salamander hide armour {Flames, rFlCloud rF++
                  | rC--} for 414 gold pieces
 24243 | Orc:2    | Found the +3 salamander hide armour {Flames, rFlCloud rF++
                  | rC--}
 24511 | D:13     | Acquired 1313 gold pieces
 24513 | D:13     | Acquired 570 gold pieces
 24696 | D:13     | Found a runed translucent door.
 24697 | D:13     | Noticed petzl's ghost (journeyman FoDe)
 24809 | D:13     | Reached skill level 9 in Conjurations
 24809 | D:13     | Reached skill level 9 in Hexes
 24809 | D:13     | Reached skill level 9 in Summonings
 24809 | D:13     | Reached skill level 9 in Necromancy
 24809 | D:13     | Reached skill level 9 in Transmutations
 24809 | D:13     | Reached skill level 9 in Fire Magic
 24809 | D:13     | Reached skill level 9 in Ice Magic
 24809 | D:13     | Reached skill level 9 in Air Magic
 24809 | D:13     | Reached skill level 9 in Earth Magic
 24809 | D:13     | Reached skill level 9 in Poison Magic
 25055 | D:13     | Killed petzl's ghost
 25147 | D:14     | Reached XP level 16. HP: 126/126 MP: 31/31
 25269 | D:14     | Found an ancient bone altar of Kikubaaqudgha.
 25441 | D:14     | Reached skill level 12 in Spellcasting
 25483 | D:14     | Found a gate to the Vaults.
 25504 | D:14     | Reached skill level 11 in Evocations
 25667 | D:14     | Reached skill level 12 in Invocations
 25859 | D:14     | Found Aaker's Alliterative Armaments.
 25864 | D:14     | cute
 26007 | D:15     | Entered Level 15 of the Dungeon
 26081 | D:15     | Reached skill level 12 in Fighting
 26081 | D:15     | Reached skill level 12 in Long Blades
 26081 | D:15     | Reached skill level 12 in Dodging
 26198 | D:15     | Noticed Nessos
 26202 | D:15     | Killed Nessos
 26349 | D:15     | Found a staircase to the Depths.
 26432 | D:15     | Noticed Louise
 26443 | D:15     | Killed Louise
 26488 | D:15     | meh
 26909 | D:15     | Bought a jewelled helmet for 275 gold pieces
 26909 | D:15     | Identified the +0 helmet of the Dragon {rN+ rCorr SInv}
                  | (You bought it in a shop on level 15 of the Dungeon)
 26910 | D:15     | Bought a faintly humming ring mail for 261 gold pieces
 26910 | D:15     | Identified the +0 ring mail of the Burning Gods {rF++ MP+9}
                  | (You bought it in a shop on level 15 of the Dungeon)
 27170 | Snake:1  | Entered Level 1 of the Snake Pit
 27179 | Snake:1  | Gained mutation: You are vulnerable to heat. (rF-) [potion
                  | of mutation]
 27179 | Snake:1  | Gained mutation: You are agile. (Dex +4, Str/Int -1)
                  | [potion of mutation]
 27373 | Snake:1  | Found a frozen archway.
 27537 | IceCv    | Entered an ice cave
 27592 | IceCv    | what
 27601 | IceCv    | Reached XP level 17. HP: 126/134 MP: 33/33
 27899 | IceCv    | meh
 28141 | IceCv    | Reached skill level 12 in Throwing
 28141 | IceCv    | Reached skill level 12 in Armour
 28739 | Snake:1  | Noticed Frances
 28748 | Snake:1  | Killed Frances
 29831 | Shoals:1 | Entered Level 1 of the Shoals
 29899 | Shoals:1 | Reached skill level 12 in Short Blades
 29899 | Shoals:1 | Reached skill level 12 in Axes
 29899 | Shoals:1 | Reached skill level 12 in Maces & Flails
 29899 | Shoals:1 | Reached skill level 12 in Polearms
 29899 | Shoals:1 | Reached skill level 12 in Staves
 29899 | Shoals:1 | Reached skill level 12 in Ranged Weapons
 29899 | Shoals:1 | Reached skill level 12 in Stealth
 29899 | Shoals:1 | Reached skill level 12 in Shields
 29899 | Shoals:1 | Reached skill level 12 in Unarmed Combat
 29899 | Shoals:1 | Reached skill level 12 in Evocations
 29921 | Shoals:1 | Bought a +6 ring of dexterity for 648 gold pieces
 30043 | Shoals:1 | Noticed Mlioglotl
 30049 | Shoals:1 | Killed Mlioglotl
 30521 | Shoals:2 | Reached XP level 18. HP: 143/143 MP: 35/35
 30678 | Shoals:2 | Found Susanowo's Dragon-Slaying Spoils.
 31207 | Shoals:2 | Noticed Nikola
 31215 | Shoals:2 | Killed Nikola
 31485 | Shoals:3 | hm
 31488 | Shoals:3 | hm
 31557 | Shoals:3 | Reached skill level 13 in Evocations
 31559 | Shoals:3 | Reached skill level 12 in Translocations
 31947 | Shoals:3 | Noticed Polyphemus
 31962 | Shoals:3 | Killed Polyphemus
 32136 | Shoals:3 | Noticed Ilsuiw
 32146 | Shoals:3 | Killed Ilsuiw
 32570 | Shoals:2 | what why
 32570 | Shoals:2 | like I guess it's okay but
 32815 | Shoals:2 | Reached XP level 19. HP: 150/151 MP: 36/36
 33009 | Shoals:2 | Reached skill level 12 in Shapeshifting
 33304 | Shoals:2 | Got vibrating book
 33347 | Shoals:4 | Entered Level 4 of the Shoals
 33468 | Shoals:4 | Found a transporter.
 33468 | Shoals:4 | Found a transporter.
 33469 | Shoals:4 | Found a transporter.
 33472 | Shoals:4 | Found a transporter.
 33610 | Shoals:4 | Reached skill level 14 in Evocations
 33882 | Shoals:4 | Got a barnacled rune of Zot
 34010 | Shoals:4 | Found a transporter.
 34013 | Shoals:4 | Found a transporter.
 34383 | Shoals:4 | Identified the +7 dagger "Veocs" {heavy, Will+}
 34530 | Snake:1  | meh
 34606 | Snake:2  | HP: 27/152 [salamander/+0 halberd (4)]
 35508 | Snake:2  | Identified the ring of Suliaq {Ice Dex+3}
 36338 | Snake:3  | Reached XP level 20. HP: 157/160 MP: 38/38
 36348 | Snake:3  | Reached skill level 15 in Evocations
 36434 | Snake:3  | Found Dogublis's Assorted Antiques.
 36441 | Snake:3  | Noticed Aizul
 36441 | Snake:3  | Found Jeturphi's Magic Scroll Shoppe.
 36443 | Snake:3  | oh
 36450 | Snake:3  | Killed Aizul
 36645 | Snake:3  | Bought a scroll of blinking for 240 gold pieces
 36645 | Snake:3  | Bought a scroll of teleportation for 96 gold pieces
 36645 | Snake:3  | Bought a scroll of fear for 128 gold pieces
 36649 | Snake:3  | Bought a scroll of blinking for 75 gold pieces
 36649 | Snake:3  | Bought a scroll of teleportation for 30 gold pieces
 36746 | Snake:3  | Found Wibithrei's Armour Shoppe.
 37452 | Snake:4  | Entered Level 4 of the Snake Pit
 37452 | Snake:4  | Noticed Vashnia
 37526 | Snake:4  | Reached skill level 15 in Invocations
 37532 | Snake:4  | Found Ituseech's Armour Boutique.
 37588 | Snake:4  | Found Ofag Midgh's Assorted Antiques.
 37638 | Snake:4  | Killed Vashnia
 37713 | Snake:4  | Bought a scroll of teleportation for 114 gold pieces
 37713 | Snake:4  | Bought a scroll of teleportation for 114 gold pieces
 37713 | Snake:4  | Bought a scroll of revelation for 285 gold pieces
 37737 | Snake:4  | Found Galuulocs's General Store.
 37743 | Snake:4  | Found Mav Sut's Magic Scroll Boutique.
 37751 | Snake:4  | Bought a scroll of teleportation for 54 gold pieces
 37751 | Snake:4  | Bought a scroll of acquirement for 936 gold pieces
 37751 | Snake:4  | Acquired 1231 gold pieces
 37762 | Snake:4  | Found Vimoklyo's General Store.
 37762 | Snake:4  | Found Vafe Jing's Jewellery Shoppe.
 37794 | Snake:4  | Bought a potion of heal wounds for 70 gold pieces
 37908 | Snake:4  | Found Qyjuqaor's Weapon Shoppe.
 37920 | Snake:4  | Reached skill level 15 in Throwing
 38777 | Snake:4  | Reached skill level 12 in Conjurations
 38777 | Snake:4  | Reached skill level 12 in Hexes
 38777 | Snake:4  | Reached skill level 12 in Summonings
 38777 | Snake:4  | Reached skill level 12 in Necromancy
 38777 | Snake:4  | Reached skill level 12 in Transmutations
 38777 | Snake:4  | Reached skill level 12 in Fire Magic
 38777 | Snake:4  | Reached skill level 12 in Ice Magic
 38777 | Snake:4  | Reached skill level 12 in Air Magic
 38777 | Snake:4  | Reached skill level 12 in Earth Magic
 38777 | Snake:4  | Reached skill level 12 in Poison Magic
 38802 | Snake:4  | Got a serpentine rune of Zot
 38968 | Lair:3   | Killed Man1s's ghost
 39019 | Lair:3   | Identified the +6 great mace of the Vestibule of Hell
                  | {venom, +Blink rN+}
 39194 | Elf:1    | Entered Level 1 of the Elven Halls
 39561 | Elf:1    | Reached skill level 15 in Spellcasting
 40012 | Elf:2    | Reached skill level 16 in Evocations
 40071 | Elf:2    | Found Leumn's Jewellery Shop.
 40080 | Elf:2    | Bought the ring of Day {rElec rF++ rCorr EV+5 Stlth-} for
                  | 1290 gold pieces
 40100 | Elf:2    | Found a radiant altar of Vehumet.
 40138 | Elf:2    | Found a transporter.
 40142 | Elf:2    | Noticed Viaheush's ghost (journeyman GnWn)
 40187 | Elf:2    | Noticed Azrael
 40195 | Elf:2    | Reached skill level 15 in Fighting
 40195 | Elf:2    | Reached skill level 15 in Long Blades
 40195 | Elf:2    | Reached skill level 15 in Dodging
 40202 | Elf:2    | Killed Azrael
 40259 | Elf:2    | Identified the +0 chain mail of the Alphagorgon {Drain
                  | rN+++ Regen+ rCorr}
 40321 | Elf:2    | Found a transporter.
 40350 | Elf:2    | Reached XP level 21. HP: 168/168 MP: 40/40
 40370 | Elf:2    | Found a huge runed translucent gate.
 40370 | Elf:2    | Found a huge runed translucent gate.
 40370 | Elf:2    | Found a huge runed translucent gate.
 40370 | Elf:2    | Found a huge runed translucent gate.
 40370 | Elf:2    | Found a huge runed translucent gate.
 40626 | Elf:2    | Noticed Jorgrun
 40633 | Elf:2    | Killed Jorgrun
 41164 | Elf:3    | Entered Level 3 of the Elven Halls
 41816 | Elf:3    | Paralysed by an air elemental for 1 turns
 42039 | Elf:3    | ow
 42266 | Elf:3    | Reached skill level 15 in Armour
 42521 | Elf:3    | Identified the +0 ring mail of the Marlin {Regen+ rCorr}
 42581 | Elf:3    | Reached skill level 17 in Evocations
 42767 | Elf:3    | Identified the staff of Distant Shores {rElec rN++ Air}
 43116 | Elf:3    | Identified the +9 orcbow "Gyl Wesu" {speed, Dex+6}
 43118 | Elf:3    | uh
 43118 | Elf:3    | I'm worried
 43133 | Elf:3    | Got a fuliginous book
 43189 | Elf:3    | Learned a level 3 spell: Swiftness
 43196 | Elf:3    | Learned a level 6 spell: Dispersal
 43694 | Shoals:2 | Bought +2 acid dragon scales for 832 gold pieces
 43708 | Shoals:2 | oh 2-handed, meh
 43717 | Shoals:2 | Learned a level 5 spell: Irradiate
 44053 | Vaults:1 | Entered Level 1 of the Vaults
 44129 | Vaults:1 | Reached skill level 15 in Short Blades
 44129 | Vaults:1 | Reached skill level 15 in Axes
 44129 | Vaults:1 | Reached skill level 15 in Maces & Flails
 44129 | Vaults:1 | Reached skill level 15 in Polearms
 44129 | Vaults:1 | Reached skill level 15 in Staves
 44129 | Vaults:1 | Reached skill level 15 in Ranged Weapons
 44129 | Vaults:1 | Reached skill level 15 in Stealth
 44129 | Vaults:1 | Reached skill level 15 in Shields
 44129 | Vaults:1 | Reached skill level 15 in Unarmed Combat
 44185 | Vaults:1 | Reached XP level 22. HP: 175/176 MP: 41/41
 45355 | Vaults:1 | Identified the +2 dire flail "Qaurhezou" {venom, rF+ Int-4
                  | Stlth+}
 45565 | Vaults:2 | Noticed Saint Roka
 45639 | Vaults:2 | Killed Saint Roka
 46607 | Vaults:2 | Reached skill level 18 in Evocations
 46613 | Vaults:2 | Identified the +5 falchion "Concordance" {flame, Str+4
                  | Dex+3}
 47315 | Vaults:3 | Noticed Bai Suzhen
 47329 | Vaults:3 | Killed Bai Suzhen
 47650 | Vaults:3 | Reached skill level 18 in Throwing
 47711 | Vaults:3 | Reached XP level 23. HP: 184/184 MP: 43/43
 47831 | Vaults:3 | Identified the +1 chain mail of Calculation {-Cast rC+ rN+}
 48295 | Vaults:3 | Found a staircase to the Crypt.
 49085 | Vaults:4 | Identified the +3 short sword of Goco {flame, rF+ Int+3
                  | Dex+2}
 49229 | Vaults:4 | Reached skill level 19 in Evocations
 49324 | Vaults:4 | Bought a scroll of teleportation for 60 gold pieces
 49865 | Vaults:4 | Found Taacoodd's Magic Scroll Emporium.
 49889 | Vaults:4 | Bought a scroll of blinking for 112 gold pieces
 49994 | Crypt:1  | Entered Level 1 of the Crypt
 50025 | Crypt:1  | Reached skill level 15 in Shapeshifting
 50434 | Crypt:1  | Noticed Grunn
 50440 | Crypt:1  | oh
 50447 | Crypt:1  | Killed Grunn
 50469 | Crypt:1  | Reached XP level 24. HP: 128/180 MP: 44/44
 51216 | Crypt:2  | Found a transporter.
 51824 | Crypt:2  | Noticed Zenata
 51832 | Crypt:2  | Killed Zenata
 51845 | Crypt:2  | Reached skill level 15 in Translocations
 51888 | Crypt:2  | Noticed a royal mummy
 51910 | Crypt:2  | Noticed Weuw's ghost (adept GrFi)
 51937 | Crypt:2  | Found a transporter.
 52695 | Crypt:3  | Entered Level 3 of the Crypt
 52696 | Crypt:3  | Upgraded the game from 0.31-a0-774-g0d66cbabe8 to
                  | 0.31-a0-795-g5eb97db20b
 52864 | Crypt:3  | Reached skill level 18 in Invocations
 52936 | Crypt:3  | Found an ancient bone altar of Kikubaaqudgha.
 53216 | Crypt:3  | Reached skill level 20 in Evocations
 53439 | Crypt:3  | Noticed a dread lich
 53478 | Crypt:3  | Killed a dread lich
 53747 | Crypt:3  | Identified the +0 long sword "Qiuny" {holy, rF- rN+++
                  | Dex+4}
 53750 | Crypt:3  | Identified the +8 morningstar of Diwicec {holy, rElec rPois
                  | rC- Stlth+}
 53754 | Crypt:3  | Identified the ring "Niusk" {rN+ Will+ Str+3 Dex+4}
 53754 | Crypt:3  | Identified the ring "Xinke" {rF+ rC+ rN+ Str-5}
 53754 | Crypt:3  | Identified the ring "Taaguihi" {rN+ Stlth+}
 54349 | Crypt:3  | Found a staircase to the Tomb.
 55969 | D:12     | Identified the +10 rapier "Kerix" {venom, rCorr Str+3 Int+6
                  | SInv}
 56107 | Depths:1 | Entered Level 1 of the Depths
 56107 | Depths:1 | Found a corrupted altar of Lugonu.
 56336 | Depths:1 | Reached XP level 25. HP: 195/202 MP: 44/44
 56358 | Depths:1 | Learned a level 1 spell: Apportation
 56486 | Depths:1 | Found a gateway to Hell.
 56599 | Depths:1 | Found a one-way gate leading to the halls of Pandemonium.
 56923 | Depths:2 | Got a ragged book
 57454 | Depths:2 | Identified the amulet of Leata {Acrobat Harm rF- Slay+2}
 57904 | Depths:2 | Found a one-way gate to the infinite horrors of the Abyss.
 57910 | Depths:2 | Identified the +2 scale mail "Ybrion" {rElec Str+4}
 57972 | Depths:2 | Identified the +7 morningstar of Spores {flame, rElec
                  | Will+}
 58375 | Depths:2 | Reached skill level 21 in Evocations
 58466 | Depths:2 | Reached skill level 18 in Spellcasting
 58561 | Depths:3 | Noticed Norris
 58573 | Depths:3 | Killed Norris
 58839 | Depths:3 | Reached skill level 18 in Fighting
 58839 | Depths:3 | Reached skill level 18 in Long Blades
 58839 | Depths:3 | Reached skill level 18 in Dodging
 59041 | Depths:3 | Reached skill level 21 in Throwing
 59150 | Depths:3 | Reached skill level 15 in Conjurations
 59150 | Depths:3 | Reached skill level 15 in Hexes
 59150 | Depths:3 | Reached skill level 15 in Summonings
 59150 | Depths:3 | Reached skill level 15 in Necromancy
 59150 | Depths:3 | Reached skill level 15 in Transmutations
 59150 | Depths:3 | Reached skill level 15 in Fire Magic
 59150 | Depths:3 | Reached skill level 15 in Ice Magic
 59150 | Depths:3 | Reached skill level 15 in Air Magic
 59150 | Depths:3 | Reached skill level 15 in Earth Magic
 59150 | Depths:3 | Reached skill level 15 in Poison Magic
 59411 | Depths:3 | Reached XP level 26. HP: 208/211 MP: 45/45
 59729 | Depths:3 | Identified the +2 plate armour "Fiuf Bih" {Str+2}
 59733 | Depths:3 | Identified the +3 orcbow "Yfosmouluk" {freeze, rF+}
 59907 | Depths:3 | Found a sacrificial altar of Ru.
 60084 | Depths:3 | Found a portal to a secret trove of treasure.
 60121 | Depths:3 | Reached skill level 18 in Armour
 60488 | Depths:4 | Entered Level 4 of the Depths
 60565 | Depths:4 | Noticed a dread lich
 60568 | Depths:4 | Killed a dread lich
 60568 | Depths:4 | Noticed a dread lich
 60578 | Depths:4 | Killed a dread lich
 60619 | Depths:4 | Found a one-way gateway to a ziggurat.
 60743 | Depths:4 | Noticed Vv
 60747 | Depths:4 | hi
 60760 | Depths:4 | Killed Vv
 60838 | Depths:4 | Reached skill level 18 in Short Blades
 60838 | Depths:4 | Reached skill level 18 in Axes
 60838 | Depths:4 | Reached skill level 18 in Maces & Flails
 60838 | Depths:4 | Reached skill level 18 in Polearms
 60838 | Depths:4 | Reached skill level 18 in Staves
 60838 | Depths:4 | Reached skill level 18 in Ranged Weapons
 60838 | Depths:4 | Reached skill level 18 in Stealth
 60838 | Depths:4 | Reached skill level 18 in Shields
 60838 | Depths:4 | Reached skill level 18 in Unarmed Combat
 60872 | Depths:4 | Found a gate to the Realm of Zot.
 60890 | Depths:4 | Noticed a juggernaut
 60901 | Depths:4 | Killed a juggernaut
 60902 | Depths:4 | Reached skill level 22 in Evocations
 61240 | Depths:4 | Found a corrupted altar of Lugonu.
 62074 | Elf:2    | Killed Viaheush's ghost
 62088 | Elf:2    | Identified the ring of Zysur {rF+ Int+3 Slay+3}
 62091 | Elf:2    | Identified the ring of Tender Moments {+Blink rElec Will+
                  | Str-2 Int+6}
 62604 | Crypt:2  | Killed a royal mummy
 62974 | Crypt:2  | Killed Weuw's ghost
 63274 | Crypt:2  | Identified the +2 helmet of Xoxom {rElec Str+3 Dex-4}
 63277 | Crypt:2  | Identified the +0 cloak of a Labyrinth {Contam rPois rF+}
 63378 | Vaults:5 | Entered Level 5 of the Vaults
 63378 | Vaults:5 | Noticed Frederick
 63379 | Vaults:5 | Noticed Boris
 63666 | Vaults:4 | Reached XP level 27. HP: 187/220 MP: 45/45
 63798 | Vaults:5 | fine
 64023 | Vaults:5 | Noticed an ancient lich
 64038 | Vaults:5 | Killed an ancient lich
 64177 | Vaults:5 | Got a silver rune of Zot
 64331 | Vaults:5 | hm
 64335 | Vaults:5 | Noticed Margery
 64336 | Vaults:5 | hi
 64479 | Vaults:5 | Killed Frederick
 64492 | Vaults:5 | Killed Margery
 64509 | Vaults:5 | Killed Boris
 64767 | Vaults:5 | Identified the +10 hand axe of Uskayaw's Hope {freeze,
                  | Dex+3}
 64886 | Vaults:5 | Noticed an ancient lich
 64906 | Vaults:5 | Killed an ancient lich
 64907 | Vaults:5 | Reached skill level 23 in Evocations
 65079 | Vaults:5 | Noticed an ancient lich
 65091 | Vaults:5 | Killed an ancient lich
 65143 | Vaults:5 | Identified the +5 sling of the Grave {heavy, rC- rN++
                  | Will+}
 65193 | Vaults:5 | Identified the +5 whip "Kupenupe" {freeze, Drain rPois rC+
                  | Int+2}
 65196 | Vaults:5 | Identified the +3 arbalest of the Meager God {drain, rElec
                  | Dex+4}
 66420 | Vaults:4 | Bought a scroll of revelation for 112 gold pieces
 66503 | Vaults:4 | Bought a scroll of revelation for 150 gold pieces
 66860 | Orc:1    | Bought a potion of curing for 48 gold pieces
 66860 | Orc:1    | Bought a potion of curing for 48 gold pieces
 66860 | Orc:1    | Bought 2 potions of haste for 320 gold pieces
 66860 | Orc:1    | Bought a potion of curing for 48 gold pieces
 66860 | Orc:1    | Bought a potion of curing for 48 gold pieces
 66860 | Orc:1    | Bought a potion of enlightenment for 80 gold pieces
 67081 | Snake:3  | Bought a potion of curing for 96 gold pieces
 67085 | Snake:3  | Bought a scroll of fear for 40 gold pieces
 67085 | Snake:3  | Bought a scroll of fear for 40 gold pieces
 67146 | Snake:1  | Bought a potion of cancellation for 264 gold pieces
 67207 | Snake:3  | Bought a scroll of enchant weapon for 75 gold pieces
 67269 | Snake:1  | Bought a scroll of enchant weapon for 285 gold pieces
 67623 | Zot:1    | Entered Level 1 of the Realm of Zot
 67642 | Zot:1    | Found a runed translucent gate.
 67643 | Zot:1    | Found a runed translucent gate.
 67643 | Zot:1    | Found an opulent altar of Gozag.
 67644 | Zot:1    | Found a runed translucent gate.
 67647 | Zot:1    | Found Dimimeyh's Assorted Antiques.
 67648 | Zot:1    | Noticed Bealaq's ghost (legendary GnFE)
 67649 | Zot:1    | Found Zoturib's Assorted Antiques.
 67752 | Zot:1    | Bought a potion of cancellation for 248 gold pieces
 67752 | Zot:1    | Bought a potion of haste for 310 gold pieces
 67763 | Zot:1    | Bought a potion of heal wounds for 255 gold pieces
 67763 | Zot:1    | Bought 3 scrolls of teleportation for 459 gold pieces
 67763 | Zot:1    | Bought a scroll of blinking for 382 gold pieces
 68132 | Zot:1    | Noticed an electric golem
 68146 | Zot:1    | Killed an electric golem
 68156 | Zot:1    | Noticed an orb of fire
 68229 | Zot:1    | Noticed an orb of fire
 68231 | Zot:1    | why
 68241 | Zot:1    | Killed an orb of fire
 70111 | Zot:2    | why
 70158 | Zot:2    | sigh
 70165 | Zot:2    | sigh
 71077 | Zot:3    | Found a shimmering altar of Xom.
 71078 | Zot:3    | Found a glowing silver altar of Zin.
 71078 | Zot:3    | Found a shimmering altar of Xom.
 71103 | Zot:3    | Found a shimmering altar of Xom.
 71141 | Zot:5    | Entered Level 5 of the Realm of Zot
 71176 | Zot:5    | Noticed an ancient lich
 71177 | Zot:5    | Noticed an ancient lich
 71177 | Zot:5    | Noticed a dread lich
 71177 | Zot:5    | Noticed a dread lich
 71178 | Zot:5    | Noticed an orb of fire
 71178 | Zot:5    | Noticed a dread lich
 71179 | Zot:5    | Noticed an electric golem
 71182 | Zot:5    | Got the Orb of Zot
 71183 | Zot:5    | Noticed an electric golem
 71184 | Zot:5    | Noticed an orb of fire
 71184 | Zot:5    | Noticed an orb of fire
 71239 | Zot:2    | Noticed Duosydot the pandemonium lord
 71312 | Depths:4 | Reached skill level 24 in Evocations
 71686 | D:5      | Noticed Neifur the pandemonium lord
 71729 | D:3      | Noticed Larapat the pandemonium lord
 71732 | D:3      | uhhh
 71791 | D:1      | Noticed Vippuf the pandemonium lord
 71794 | D:$      | Escaped with the Orb!

Levels and vault maps discovered:
D:1:      lordsloth_arrival_two_stooges, layout_basic
D:2:      layout_basic, chequers_ecumenical_altar_island, basic_altar,
          kennysheep_generic_room_6
D:3:      layout_basic, mainiacjoe_overflow_concentric_impassable,
          ebering_ghost_reflecting_pool
D:4:      layout_rooms, nicolae_ossuary_entry_giza, serial_rivers,
          chequers_serial_rivers_micro_b, chequers_serial_rivers_micro_c,
          chequers_serial_rivers_marsh, chequers_serial_rivers_small_a,
          chequers_serial_rivers_room_a
D:5:      layout_loops_ring, serial_shops, nicolae_diamond_shop
D:6:      layout_basic, mainiacjoe_overflow_six_doors_small,
          minmay_temple_entry_drinking_statues
D:7:      layout_basic, nicolae_gozag_zags_fifth_avenue, nicolae_shop_gadgets
D:8:      layout_loops_ring, grunt_lair_entry_orc_guard_hut, serial_ice,
          serial_ice_n, serial_ice_k, serial_ice_o, serial_ice_c,
          hellmonk_guarded_unrand_vitality_bloodlust, uniq_pikel
D:9:      kennysheep_housing_project, layout_cave_pods, hellmonk_ghost_big_iron,
          enter_bailey_4
D:10:     layout_basic, orc_0_dummy
D:11:     layout_gridville, item_on_display_a
D:12:     layout_basic, serial_shops, shop, nrook_guardian_serpent_double
D:13:     layout_irregular_city, gammafunk_ghost_grave
D:14:     layout_irregular_city, grunt_vaults_entry_tiered,
          kiku_gazebo_garden_becter, monkooky_shop_alliterative
D:15:     gammafunk_enter_depths_forms, layout_loops_cross, uniq_nessos,
          uniq_louise
Lair:1:   layout_long_grid, gammafunk_ghost_necromancy,
          chequers_serial_rivers_large_b
Lair:2:   layout_small_grid, elwin_shoals_entry_rooms,
          nicolae_volcano_entry_batcave, beast_lair_carwin_2
Lair:3:   layout_cave_pods, minmay_snake_entry_six_corridors,
          gammafunk_ghost_hive, chequers_serial_rivers_small_b, pf_torpor_hydra
Lair:4:   layout_cave_pods, nicolae_slime_entry_slimehenge, grunt_megastairs_3,
          uniq_snorg
Lair:5:   cheibrodos_lair_end_hotspot, layout_layer_cave, uniq_kirke
Shoals:1: layout_shoals, nicolae_shoals_enchanted_isle, uniq_mlioglotl
Shoals:2: nicolae_shoals_lighthouse, layout_shoals, nicolae_shop_dragon_depot,
          uniq_nikola
Shoals:3: nicolae_shoals_offshore_bank_account, layout_shoals, uniq_polyphemus,
          uniq_ilsuiw
Shoals:4: shoals_end_simple, layout_shoals, serial_nicolae_subway,
          nicolae_sub_station_crystal, nicolae_sub_station_stone,
          nicolae_sub_station_metal
Snake:1:  layout_basic, portal_ice_cave_entry_pillars_four, lemuel_fruit_tree,
          serial_bayou_shore_b, uniq_frances
Snake:2:  layout_onion_interference, nicolae_snake_dead_anacondas
Snake:3:  layout_layer_cave, serial_shops, nicolae_shop_real_fake_doors,
          serial_bayou_shore_a, grunt_megastairs_5, minmay_shop_star, uniq_aizul
Snake:4:  snake_pit, layout_cave_town, serial_shops, shop, shop,
          nicolae_shop_tiny_statue_garden, shop_fountains, shop,
          minmay_shoptagon, uniq_vashnia
Orc:1:    layout_caves, basic_altar, serial_shops, nicolae_shop_rolling_square,
          uniq_harold
Orc:2:    grunt_orc_gardens, layout_caves, grunt_orc_garden, grunt_orc_garden,
          grunt_orc_garden, grunt_orc_garden, okawaru_metal_pillars_1_2
Elf:1:    nicolae_elf_arrival_fired_up, layout_geoelf_diagonals,
          evilmike_minifort, grunt_ministairs_9, st_stairs_13
Elf:2:    elven_hall_of_blades_hangedman_alternative
          [nooodl_blade_entry_preview], layout_geoelf_diagonals, serial_shops,
          nicolae_shop_peninsula, basic_altar,
          gammafunk_ghost_berserking_beasts, uniq_azrael, uniq_jorgrun
Elf:3:    minmay_elf_hall_furrowed, layout_gridlike, nicolae_elf_w_pinch,
          nicolae_elf_loose_elemental_storage
Vaults:1: v_alt_pattern_2, nicolae_vaults_gold_heap, v_rooms_1, v_misc_9,
          v_pattern_2, nicolae_vaults_tetromino_L_1,
          nicolae_vaults_antechamber_and_loot_room, layout_vaults_quadrants
Vaults:2: nicolae_vaults_wine_cellar, nicolae_vaults_diagonal_hallway_9,
          vaults_room_door_ring, nicolae_vaults_tangram_2,
          nicolae_vaults_storage_closets_3,
          nicolae_vaults_shipping_containers_1, nicolae_vaults_more_shelving_1,
          nicolae_vaults_house_3, vaults_dpeg_spiral, nicolae_vaults_big_ls,
          v_rooms_3, nicolae_vaults_network_s, nicolae_vaults_tetromino_T_2,
          layout_vaults_omnicross, uniq_saint_roka
Vaults:3: hangedman_vaults_trim, vaults_room_fancy_cross,
          hangedman_vaults_nodes, v_misc_30, nicolae_vaults_closet_pinwheel_2,
          minmay_crypt_entry_simple_sparse, nicolae_vaults_swerve,
          nicolae_vaults_storage_closets_2, v_misc_27,
          nicolae_vaults_little_squares_2, nicolae_vaults_little_squares_4,
          nicolae_vaults_crenellated_ambush, layout_vaults_ring, uniq_bai_suzhen
Vaults:4: nicolae_vaults_trapezoid_lopsided_3,
          nicolae_vaults_storage_room_water, nicolae_vaults_octothorpe,
          grunt_vaults_trifunnel, nicolae_vaults_double_plus_1,
          ontoclasm_vaults_eye, nicolae_vaults_three_branches,
          nicolae_vaults_six-pack, vaults_mumra_bighexcomb, vaults_room_grid,
          nicolae_vaults_network_periphery, nicolae_vaults_trapezoid_lopsided_3,
          nicolae_vaults_closet_pinwheel_1, nicolae_vaults_trapezoid_4,
          nicolae_vaults_little_ls, vaults_room_pool, nicolae_vaults_theta,
          nicolae_vaults_tetromino_L_1, vaults_room_mumra_shop_pool,
          ontoclasm_vaults_hangar, layout_vaults_maze_bifur
Vaults:5: uniq_boris, uniq_margery, uniq_frederick
Crypt:1:  layout_catacombs, uniq_grunn
Crypt:2:  layout_misc_corridors, nzn_ghost_randoct,
          serial_sigils_hangedman_shear, uniq_zenata
Crypt:3:  evilmike_haunted_forest
Depths:1: layout_cave_pools, rand_demon_pan_entry_4,
          serial_sigils_hangedman_stare, hell_entry, tgw_lugonu_bribe
Depths:2: radiant_caverns_b_rkd, hell_entry, abyss_entry, pan_entry
Depths:3: grunt_bent_corner, layout_basic, nicolae_water_bricks, enter_trove_3,
          abyss_entry, hellmouth_1, hangedman_ru_absence,
          infiniplex_staircase_pool_2, uniq_norris
Depths:4: evilmike_zot_entry_argh, layout_gridlike, enter_ziggurat_c,
          minivault_11, abyss_entry_flame_altar, hangedman_coc_ice_floe, uniq_vv
Zot:1:    layout_misc_corridors, ebering_ghost_gozag, nzn_random_ring
Zot:2:    lemuel_acid_trip, layout_cathedral_of_symmetry, skrybe_zot_glass_3
Zot:3:    dreamdust_zin_vs_xom, layout_gridlike, lemuel_golem_globe, uniq_tiamat
Zot:4:    cheibrodos_zot_enchanting_chambers, layout_onion
Zot:5:    layout_twisted_circle

Action                     |  1- 3 |  4- 6 |  7- 9 | 10-12 | 13-15 | 16-18 | 19-21 | 22-24 | 25-27 || total
---------------------------+-------+-------+-------+-------+-------+-------+-------+-------+-------++-------
  Melee: Falchion          |    96 |     6 |       |       |       |       |       |       |       ||   102
         Bite              |     9 |     5 |    35 |    12 |       |       |       |       |       ||    61
         Mace              |       |    49 |   226 |   150 |       |       |       |       |       ||   425
   Fire: Arbalest          |       |       |       |   311 |   145 |       |       |       |       ||   456
         Hand cannon       |       |       |       |       |   798 |  1007 |  1338 |  1818 |  2220 ||  7181
  Throw: Javelin           |     1 |    11 |     2 |       |       |       |       |       |       ||    14
         Dart              |       |       |    11 |     6 |     1 |     3 |       |     2 |     1 ||    24
         Throwing net      |       |       |       |     2 |       |       |       |       |     2 ||     4
   Cast: Teleport Other    |       |     5 |       |       |       |       |       |       |       ||     5
         Blink             |       |     1 |     3 |     6 |       |       |     2 |     1 |     3 ||    16
         Manifold Assault  |       |       |    21 |    60 |       |       |       |       |       ||    81
         Apportation       |       |       |       |       |       |       |       |       |    16 ||    16
 Invoke: Call Merchant     |       |       |       |     2 |       |     3 |     2 |     3 |       ||    10
         Bribe Branch      |       |       |       |       |       |       |       |       |     3 ||     3
  Evoke: Wand              |       |       |     2 |       |       |     1 |     2 |     7 |     4 ||    16
         Lightning rod     |       |       |       |       |       |       |     3 |       |     5 ||     8
    Use: Scroll            |     8 |     2 |    10 |    10 |     7 |     4 |     9 |     4 |    31 ||    85
         Potion            |       |       |       |     1 |     1 |     2 |     8 |     1 |    23 ||    36
   Stab: Distracted        |       |       |     2 |     1 |       |       |       |       |       ||     3
         Held in net/web   |       |       |       |     2 |       |       |       |       |       ||     2
 Armour: Leather armour    |    24 |       |    36 |   179 |   235 |   107 |   147 |       |       ||   728
         Ring mail         |    15 |    37 |   128 |       |    62 |       |       |       |       ||   242
         Robe              |       |       |       |       |       |    20 |       |       |       ||    20
         Acid dragon scale |       |       |       |       |       |       |     3 |   244 |   399 ||   646
  Dodge: Dodged            |    61 |    41 |   177 |   294 |   391 |   219 |   283 |   691 |   815 ||  2972
  Block: Kite shield       |       |       |       |       |   333 |   328 |   445 |  1013 |   929 ||  3048
